[Event "Titled Tuesday Blitz January 18 2022"]
[White "Klimciauskas, Domantas"]
[Black "Ambartsumova, Karina"]
[WhiteFideId "12802999"]
[BlackFideId "4166299"]
[WhiteElo "2255"]
[BlackElo "2262"]
[Result "1-0"]
[Round "09"]
[TimeControl "180+1"]
[Date "2022.01.18"]
[WhiteClock "0:00:05"]
[BlackClock "0:00:03"]

1. d4 Nf6 2. Nf3 g6 3. g3 Bg7 4. Bg2 O-O 5. O-O d6 6. b3 c5 7. Bb2 cxd4 8. Nxd4 d5 9. Nd2 Nc6 10. Nxc6 bxc6 11. c4 a5 12. Qc1 Be6 13. Rd1 a4 14. Nf3 Qb6 15. Bd4 Qb7 16. Rb1 Bf5 17. Rb2 a3 18. Rbd2 Ne4 19. Bxg7 Kxg7 20. Rd4 Qb6 21. Qe3 Qc7 22. cxd5 cxd5 23. Rxd5 Nc3 24. Qd4+ f6 25. Rc5 Nxe2+ 26. Kf1 Nxd4 27. Rxc7 Nxf3 28. Rxe7+ Rf7 29. Rxf7+ Kxf7 30. Bxf3 Rc8 31. Bd5+ Kg7 32. Bc4 Rc7 33. f3 Bc2 34. Rd2 Bb1 35. Kf2 f5 36. f4 h6 37. Ke3 Re7+ 38. Kd4 Re4+ 39. Kc3 Re1 40. Kb4 Rc1 41. Kxa3 Kf6 42. Kb2 Rg1 43. a4 Be4 44. a5 g5 45. a6 gxf4 46. gxf4 Rg7 47. Rd6+ Ke7 48. Rb6 Rg2+ 49. Kc3 Kd7 50. a7 Kc7 51. Re6 Ra2 52. Re7+ Kd6 53. Rh7 Kc5 54. b4+ Kb6 55. Kd4 Rxa7 56. Rxa7 Kxa7 57. Bd3 Bc6 58. Bxf5 Kb6 59. Be4 Be8 60. Ke5 Kb5 61. Kf6 Kxb4 62. Ke7 Bh5 63. f5 Kc5 64. f6 Kd4 65. Bf3 Ke5 66. Bxh5 1-0


[Site "https://www.chess.com"]

[Event "Titled Tuesday Blitz January 18 2022"]
[White "Klimkowski, Jan"]
[Black "Corrales Jimenez, Fidel"]
[WhiteFideId "21856222"]
[BlackFideId "3506690"]
[WhiteElo "2172"]
[BlackElo "2541"]
[Result "1-0"]
[Round "09"]
[TimeControl "180+1"]
[Date "2022.01.18"]
[WhiteClock "0:01:17"]
[BlackClock "0:00:31"]

1. e4 c5 2. Nf3 Nc6 3. d4 cxd4 4. Nxd4 Nf6 5. Nc3 d6 6. f3 e5 7. Nb3 Be7 8. Be3 a5 9. Bb5 O-O 10. Qd2 Be6 11. O-O-O a4 12. Bxa4 Nb4 13. a3 Na2+ 14. Nxa2 Rxa4 15. Nc3 Ra6 16. Kb1 Qa8 17. Bg5 Rc8 18. Bxf6 Bxf6 19. Nd5 Bd8 20. f4 exf4 21. Qxf4 Rxa3 22. bxa3 Qxa3 23. Qc1 Qa6 24. Rhf1 h6 25. Qb2 Rc4 26. e5 dxe5 27. Qxe5 Bg5 28. Nc7 Rxc7 29. Qxc7 Qe2 30. Nd4 Qc4 31. Qxc4 Bxc4 32. Rfe1 1-0


[Site "https://www.chess.com"]

[Event "Titled Tuesday Blitz January 18 2022"]
[White "Kosakowski, Jakub"]
[Black "Sviridov, Valery"]
[WhiteFideId "1185080"]
[BlackFideId "4120680"]
[WhiteElo "2476"]
[BlackElo "2454"]
[Result "0-1"]
[Round "09"]
[TimeControl "180+1"]
[Date "2022.01.18"]
[WhiteClock "0:00:04"]
[BlackClock "0:00:32"]

1. d4 g6 2. Nf3 Bg7 3. e4 d6 4. Bc4 e6 5. O-O b6 6. Re1 Bb7 7. Nbd2 Nd7 8. Nf1 Ne7 9. Bb3 O-O 10. c3 c5 11. Ng3 Rc8 12. h4 h6 13. Be3 Nf6 14. Bf4 b5 15. a4 b4 16. dxc5 dxc5 17. cxb4 cxb4 18. Bd6 a5 19. h5 g5 20. e5 Ne8 21. Bxe7 Qxe7 22. Ne4 Nc7 23. Qd6 Qd8 24. Rac1 Nd5 25. Rxc8 Qxc8 26. Qc5 Qxc5 27. Nxc5 Ba8 28. Ne4 Nf4 29. Kf1 Nd3 30. Re2 Rc8 31. Nd6 Rc1+ 32. Ne1 Bxe5 33. Nc4 Bd4 34. f3 Bf2 35. Bc2 Rxe1+ 36. Rxe1 Nxe1 37. Bb1 Bh4 38. Nxa5 Bd5 39. Be4 Bxe4 40. fxe4 Nd3 41. Nc4 Nc5 42. a5 g4 43. Ne5 Bf6 44. Nxg4 Bxb2 45. Nxh6+ Kf8 46. Ng4 b3 47. Ke2 Bc3 48. Kd1 Bxa5 49. Ne3 Bc3 50. h6 Kg8 51. g4 Bf6 52. Nc4 Bg5 53. Na5 Bxh6 0-1


[Site "https://www.chess.com"]

[Event "Titled Tuesday Blitz January 18 2022"]
[White "Kosteniuk, Alexandra"]
[Black "Brunner, Nicolas"]
[WhiteFideId "4128125"]
[BlackFideId "620246"]
[WhiteElo "2469"]
[BlackElo "2372"]
[Result "0-1"]
[Round "09"]
[TimeControl "180+1"]
[Date "2022.01.18"]
[WhiteClock "0:00:07"]
[BlackClock "0:00:04"]

1. c4 c5 2. Nf3 Nc6 3. g3 e5 4. Nc3 g6 5. Bg2 Bg7 6. e4 Nge7 7. d3 d6 8. h4 h6 9. Rb1 a6 10. a3 Rb8 11. b4 cxb4 12. axb4 b5 13. Nd5 Bg4 14. Be3 O-O 15. Qd2 Kh7 16. Ng5+ hxg5 17. hxg5+ Kg8 18. Nf6+ Bxf6 19. gxf6 Nc8 20. Bg5 Re8 21. f3 Bd7 22. Bh4 Re6 23. Bh3 Nd4 24. Kf2 Rxf6 25. Bxf6 Qxf6 26. f4 Nb6 27. c5 dxc5 28. bxc5 Bxh3 29. Rxh3 Nd7 30. Rbh1 Ne6 31. c6 Ndf8 32. Kg2 exf4 33. Rf1 f3+ 34. Rxf3 Qg5 35. Rf2 Qxd2 36. Rxd2 b4 37. d4 b3 38. Rh1 a5 39. d5 Nc5 40. c7 Rc8 41. d6 Nfd7 42. Re1 a4 43. e5 a3 44. Ree2 a2 45. Re1 Kg7 46. Rb2 Nb6 47. Rc1 Nba4 48. Re2 b2 49. Rxb2 Nxb2 50. Ra1 Nbd3 51. Rxa2 Nxe5 52. Ra5 Ncd7 53. Rb5 Kf6 54. Kf2 Ke6 55. Ke3 Kxd6 56. Kf4 Rxc7 0-1


[Site "https://www.chess.com"]

[Event "Titled Tuesday Blitz January 18 2022"]
[White "Krivonosov, Oleg"]
[Black "Milchev, Nikolay"]
[WhiteFideId "11600349"]
[BlackFideId "2906090"]
[WhiteElo "2455"]
[BlackElo "2449"]
[Result "1/2-1/2"]
[Round "09"]
[TimeControl "180+1"]
[Date "2022.01.18"]
[WhiteClock "0:01:38"]
[BlackClock "0:01:52"]

1. Nf3 Nf6 2. c4 g6 3. Nc3 Bg7 4. e4 d6 5. d4 O-O 6. Be2 c5 7. O-O Bg4 8. d5 b5 9. cxb5 a6 10. bxa6 Bxf3 11. Bxf3 Nfd7 12. Be2 Nxa6 13. Bb5 Qc7 14. Bg5 Nb6 15. a4 Rfb8 16. Qe2 Nb4 17. Rfc1 h6 18. Bf4 Nd7 19. h3 Ne5 20. Rab1 g5 21. Bd2 c4 22. Be3 Ned3 23. Rd1 Rc8 1/2-1/2


[Site "https://www.chess.com"]

[Event "Titled Tuesday Blitz January 18 2022"]
[White "Logozar, Elijah"]
[Black "Potapova, Margarita"]
[WhiteFideId "30963788"]
[BlackFideId "14126869"]
[WhiteElo "2415"]
[BlackElo "2209"]
[Result "1-0"]
[Round "09"]
[TimeControl "180+1"]
[Date "2022.01.18"]
[WhiteClock "0:01:49"]
[BlackClock "0:00:45"]

1. e4 c5 2. Nf3 d6 3. d4 cxd4 4. Nxd4 Nf6 5. Nc3 a6 6. Bc4 e6 7. Bb3 b5 8. Bg5 Be7 9. Qf3 Qc7 10. e5 Bb7 11. exd6 Bxd6 12. Qe3 O-O 13. O-O-O Bc5 14. Bxf6 gxf6 15. Qh6 Qe5 16. Rd3 Qg5+ 17. Qxg5+ fxg5 18. h4 g4 19. h5 e5 20. Nf5 Bxf2 21. h6 Bxg2 22. Rh2 e4 23. Rd6 Bc5 24. Rxg2 Bxd6 25. Rxg4+ Kh8 26. Nxd6 f5 27. Rg8+ 1-0


[Site "https://www.chess.com"]

[Event "Titled Tuesday Blitz January 18 2022"]
[White "Lomaia, Diana"]
[Black "Yang, Kaiqi"]
[WhiteFideId "13612476"]
[BlackFideId "8604398"]
[WhiteElo "1744"]
[BlackElo "2373"]
[Result "0-1"]
[Round "09"]
[TimeControl "180+1"]
[Date "2022.01.18"]
[WhiteClock "0:00:08"]
[BlackClock "0:00:22"]

1. d4 d5 2. Nf3 e6 3. c4 a6 4. cxd5 exd5 5. Nc3 Nf6 6. Bg5 Be6 7. e3 Nbd7 8. Bd3 c6 9. O-O Bd6 10. Qc2 Qc7 11. Rfe1 O-O 12. e4 dxe4 13. Nxe4 Nxe4 14. Bxe4 h6 15. Bh4 Rfe8 16. Rac1 Nb6 17. Bg3 Bxg3 18. hxg3 Bd5 19. Bxd5 Nxd5 20. Qc5 Qd7 21. Ne5 Qf5 22. g4 Qg5 23. Qd6 Rad8 24. Nd7 Re6 25. Rxe6 Qxc1+ 26. Kh2 fxe6 27. Qxe6+ Kh8 28. Ne5 Qf4+ 29. Kg1 Qc1+ 30. Kh2 Ra8 31. Ng6+ Kh7 32. Qf5 Qg5 33. Nf8+ Kg8 34. Qh7+ Kf7 35. Nd7 Re8 36. Ne5+ Rxe5 37. dxe5 Qxe5+ 38. g3 Nf6 39. Qd3 Nxg4+ 40. Kg2 Qd5+ 41. Qxd5+ cxd5 42. Kf3 0-1


[Site "https://www.chess.com"]

[Event "Titled Tuesday Blitz January 18 2022"]
[White "Lorparizangeneh, Shahin"]
[Black "Romanchuk, Viktor"]
[WhiteFideId "12521604"]
[BlackFideId "14109271"]
[WhiteElo "2525"]
[BlackElo "2242"]
[Result "1-0"]
[Round "09"]
[TimeControl "180+1"]
[Date "2022.01.18"]
[WhiteClock "0:01:08"]
[BlackClock "0:00:37"]

1. e4 e6 2. d4 d5 3. e5 c5 4. c3 Nc6 5. Nf3 Bd7 6. Be2 f6 7. O-O Qb6 8. Re1 fxe5 9. Nxe5 Nxe5 10. dxe5 Ne7 11. c4 d4 12. Bd3 O-O-O 13. a3 Ng6 14. Bg5 Re8 15. Nd2 Bc6 16. Qh5 Ne7 17. b4 g6 18. Qg4 Nf5 19. b5 Bd7 20. Bf6 Rg8 21. a4 Qa5 22. Ne4 Kb8 23. Bg5 Bg7 24. Nf6 Bxf6 25. exf6 Rgf8 26. Qf4+ Qc7 27. Re5 h6 28. Rxc5 e5 29. Rxc7 exf4 30. Bxf4 1-0


[Site "https://www.chess.com"]

[Event "Titled Tuesday Blitz January 18 2022"]
[White "Maksimovic, Bojan"]
[Black "Concio, Michael Jr."]
[WhiteFideId "14408120"]
[BlackFideId "5217873"]
[WhiteElo "2450"]
[BlackElo "1896"]
[Result "0-1"]
[Round "09"]
[TimeControl "180+1"]
[Date "2022.01.18"]
[WhiteClock "0:00:06"]
[BlackClock "0:00:03"]

1. d4 Nf6 2. c4 e5 3. dxe5 Ng4 4. Nf3 Nc6 5. Nc3 Ngxe5 6. Bf4 Nxf3+ 7. exf3 Bb4 8. Bd3 Qe7+ 9. Kf1 Bxc3 10. bxc3 d6 11. Rb1 O-O 12. h4 Ne5 13. Be2 c6 14. Qd4 Bf5 15. Re1 Rfe8 16. Bd2 c5 17. Qf4 Be6 18. h5 f6 19. g4 Qf7 20. Kg2 Bxc4 21. Bxc4 Nxc4 22. Bc1 b5 23. h6 g6 24. Re4 Rxe4 25. Qxe4 d5 26. Qf4 Re8 27. Rd1 Re5 28. Qg3 Qe6 29. f4 Re1 30. Qf3 Rxd1 31. Qxd1 Qe4+ 32. Kg3 d4 33. f3 Qd5 34. cxd4 cxd4 35. Qd3 Kf7 36. f5 gxf5 37. gxf5 Ne5 38. Qc2 Qxf3+ 39. Kh2 Ng4+ 40. Kg1 Qg3+ 41. Kf1 Nh2+ 42. Ke2 Qg2+ 43. Kd3 Qxc2+ 44. Kxc2 Ng4 45. Kd3 Ne5+ 46. Kxd4 Ke7 47. Kc5 Nd3+ 48. Kxb5 Nxc1 49. Ka6 Nxa2 0-1


[Site "https://www.chess.com"]

[Event "Titled Tuesday Blitz January 18 2022"]
[White "Maltsevskaya, Aleksandra"]
[Black "Csonka, Balazs"]
[WhiteFideId "24174041"]
[BlackFideId "742910"]
[WhiteElo "2283"]
[BlackElo "2404"]
[Result "0-1"]
[Round "09"]
[TimeControl "180+1"]
[Date "2022.01.18"]
[WhiteClock "0:00:14"]
[BlackClock "0:00:04"]

1. e4 c6 2. Nc3 d5 3. Nf3 Nf6 4. Qe2 Bg4 5. g3 e6 6. Bg2 Be7 7. O-O O-O 8. d3 d4 9. Nb1 c5 10. a4 Nc6 11. Na3 e5 12. Nc4 Nd7 13. h3 Be6 14. b3 a6 15. Nh2 b5 16. Nd2 Nb4 17. Qd1 Qc7 18. f4 f6 19. f5 Bf7 20. g4 c4 21. bxc4 bxc4 22. g5 cxd3 23. g6 hxg6 24. fxg6 Bxg6 25. cxd3 Bf7 26. Ba3 a5 27. Bxb4 Bxb4 28. Rc1 Nc5 29. Rf3 Qd7 30. Nc4 Nxa4 31. Rg3 Nc3 32. Qf3 Bxc4 33. dxc4 Rad8 34. Ng4 d3 35. Nxf6+ Rxf6 36. Qxf6 Rf8 37. Qxe5 d2 38. Rf1 Rxf1+ 39. Bxf1 d1=Q 40. h4 Q1d4+ 41. Qxd4 Qxd4+ 42. Kg2 Nxe4 43. Rf3 Qd2+ 44. Kh3 Bd6 45. Kg4 Nf6+ 46. Kf5 Qd4 47. Ke6 Qe4+ 48. Kxd6 Qxf3 49. c5 Qxf1 50. c6 Qd3+ 51. Kc7 Qc4 52. Kb7 a4 53. c7 Qb5+ 54. Ka8 Qa6+ 55. Kb8 Qb6+ 56. Kc8 Nd5 57. Kd8 Nxc7 58. Kd7 a3 59. h5 a2 60. h6 gxh6 61. Kc8 h5 62. Kd7 h4 63. Kd8 h3 64. Kc8 h2 65. Kd7 Kf7 66. Kd8 Nd5+ 67. Kc8 Qc6+ 68. Kb8 h1=Q 69. Ka7 Ke6 70. Kb8 Nc7 71. Ka7 Nb5+ 72. Kb8 Nd6 73. Ka7 Qhc1 74. Kb8 Qb1+ 75. Ka7 Nb5+ 76. Kb8 Na7+ 77. Kxa7 a1=Q# 0-1


[Site "https://www.chess.com"]

[Event "Titled Tuesday Blitz January 18 2022"]
[White "Manukyan, Artyom"]
[Black "Okike, David"]
[WhiteFideId "13305786"]
[BlackFideId "8500134"]
[WhiteElo "2034"]
[BlackElo "2232"]
[Result "0-1"]
[Round "09"]
[TimeControl "180+1"]
[Date "2022.01.18"]
[WhiteClock "0:00:04"]
[BlackClock "0:01:08"]

1. e4 c5 2. Nc3 Nc6 3. Bb5 Nd4 4. Nf3 g6 5. O-O Bg7 6. Nxd4 cxd4 7. Ne2 Qb6 8. Bc4 e6 9. d3 Ne7 10. Bb3 O-O 11. f4 f5 12. e5 d6 13. exd6 Qxd6 14. Bd2 Nd5 15. Qe1 Bd7 16. Qf2 Ne3 17. Bxe3 dxe3 18. Qxe3 Bxb2 19. Rab1 Bg7 20. d4 b6 21. Rbd1 Kh8 22. Kh1 Rae8 23. c4 Bc6 24. Qd2 Bb7 25. Nc3 a6 26. Rfe1 Bh6 27. Rf1 Rd8 28. Qe3 Bg7 29. Ne2 Rfe8 30. Rfe1 a5 31. Qf2 Qb4 32. c5 a4 33. Bc2 Bd5 34. Rb1 Qc4 35. Rec1 bxc5 36. Bb3 Qd3 37. Bxd5 exd5 0-1


[Site "https://www.chess.com"]

[Event "Titled Tuesday Blitz January 18 2022"]
[White "Martin Carmona, Gaston Manuel"]
[Black "Klukin, Kirill"]
[WhiteFideId "22284567"]
[BlackFideId "24199273"]
[WhiteElo "2161"]
[BlackElo "2324"]
[Result "0-1"]
[Round "09"]
[TimeControl "180+1"]
[Date "2022.01.18"]
[WhiteClock "0:01:00"]
[BlackClock "0:00:20"]

1. e4 c6 2. d4 d5 3. exd5 cxd5 4. Bd3 Nc6 5. c3 g6 6. Nf3 Bg7 7. O-O Nf6 8. Bf4 O-O 9. Nbd2 Bf5 10. Qc2 e6 11. Bxf5 gxf5 12. Ne5 Rc8 13. Qd3 Ne4 14. Ndf3 f6 15. Nxc6 bxc6 16. Nd2 Qb6 17. f3 Nxd2 18. Qxd2 e5 19. Be3 f4 20. Bf2 Qc7 21. Rfe1 Rfe8 22. Qd3 Qf7 23. Re2 Qg6 24. Qxg6 hxg6 25. dxe5 fxe5 26. Bxa7 c5 27. a4 Rc6 28. b4 cxb4 29. cxb4 Rc4 30. Bc5 e4 31. Rd1 e3 32. g3 g5 33. Rxd5 g4 34. Kg2 Bc3 35. Rg5+ Kf7 36. Rxg4 Bxb4 37. Bxb4 Rxb4 38. Rxf4+ Rxf4 39. gxf4 Kf6 40. Ra2 Kf5 41. a5 e2 0-1


[Site "https://www.chess.com"]

[Event "Titled Tuesday Blitz January 18 2022"]
[White "Mitusov, Semen"]
[Black "Doluhanova, Evgeniya"]
[WhiteFideId "14151049"]
[BlackFideId "14112035"]
[WhiteElo "2246"]
[BlackElo "2076"]
[Result "1/2-1/2"]
[Round "09"]
[TimeControl "180+1"]
[Date "2022.01.18"]
[WhiteClock "0:00:40"]
[BlackClock "0:00:17"]

1. e4 e5 2. Nf3 Nc6 3. Bc4 Bc5 4. c3 Nf6 5. d4 exd4 6. O-O d5 7. exd5 Nxd5 8. cxd4 Bb6 9. Re1+ Be6 10. Bxd5 Qxd5 11. Nc3 Qh5 12. d5 O-O-O 13. Bg5 f6 14. Rxe6 fxg5 15. Qe2 g4 16. dxc6 gxf3 17. cxb7+ Kb8 18. Qxf3 Qxf3 19. gxf3 Rhf8 20. Rd1 Rxd1+ 21. Nxd1 Rxf3 22. Re7 Bd4 23. b3 Kxb7 24. Ne3 Rf6 25. Rxg7 Rxf2 26. Rxc7+ Kxc7 27. Kxf2 Kd6 28. Kf3 Kc5 29. Nc2 Be5 30. h4 h5 31. Ke4 Bg3 32. Kf5 Bxh4 33. Kg6 Bf2 34. Kxh5 a5 35. a4 Kd5 36. Kg4 Ke4 37. Na3 Kd3 38. Kf3 Bc5 39. Nc4 Bb4 40. Nxa5 Bxa5 41. Kf4 Kc3 42. Ke5 Kxb3 43. Kd5 Kxa4 1/2-1/2


[Site "https://www.chess.com"]

[Event "Titled Tuesday Blitz January 18 2022"]
[White "Musovic, Armin"]
[Black "Leitao, Rafael"]
[WhiteFideId "939935"]
[BlackFideId "2101246"]
[WhiteElo "2250"]
[BlackElo "2609"]
[Result "1-0"]
[Round "09"]
[TimeControl "180+1"]
[Date "2022.01.18"]
[WhiteClock "0:00:57"]
[BlackClock "0:00:12"]

1. a3 a6 2. Nc3 d5 3. e4 d4 4. Nce2 e5 5. Ng3 g6 6. Bc4 Bg7 7. d3 Nf6 8. N1e2 h5 9. h3 h4 10. Nf1 Nh5 11. Nh2 Qe7 12. O-O Be6 13. Bxe6 Qxe6 14. f4 Nc6 15. fxe5 Nxe5 16. Nf4 Nxf4 17. Bxf4 O-O-O 18. Bxe5 Bxe5 19. Qf3 Rd7 20. Ng4 Bg7 21. Nf6 Bxf6 22. Qxf6 Qxf6 23. Rxf6 Kd8 24. Raf1 Ke8 25. g4 hxg3 26. Kg2 Rh5 27. Kxg3 Rc5 28. R1f2 Kf8 29. Rxg6 Rxc2 30. Rg8+ Kxg8 31. Rxc2 Kg7 32. Rc5 c6 33. h4 Rd6 34. Kf4 Rf6+ 35. Ke5 Rf2 36. b4 Rh2 37. Kxd4 Rxh4 38. Rg5+ Kf6 39. Rg8 Rh1 40. Rb8 Ra1 41. Rxb7 Rxa3 42. Rb6 Ke7 43. Rxc6 Kd7 44. Rf6 Ke7 45. Rb6 Ra1 46. Ke5 Rb1 47. d4 f6+ 48. Rxf6 Ra1 49. Rb6 1-0


[Site "https://www.chess.com"]

[Event "Titled Tuesday Blitz January 18 2022"]
[White "Narayanan.S.L"]
[Black "Hakobyan, Aram"]
[WhiteFideId "5058422"]
[BlackFideId "13306677"]
[WhiteElo "2494"]
[BlackElo "2557"]
[Result "1-0"]
[Round "09"]
[TimeControl "180+1"]
[Date "2022.01.18"]
[WhiteClock "0:00:37"]
[BlackClock "0:00:03"]

1. d4 Nf6 2. c4 e6 3. Nf3 b6 4. g3 Ba6 5. Qc2 Bb7 6. Bg2 c5 7. d5 exd5 8. cxd5 Nxd5 9. O-O Be7 10. Rd1 Nc6 11. a3 Nf6 12. Nc3 O-O 13. Bg5 h6 14. Bxf6 Bxf6 15. Nd5 Re8 16. e3 g6 17. Rd2 Bg7 18. Rad1 d6 19. Nf4 Qe7 20. Nd5 Qd8 21. h4 Rc8 22. h5 g5 23. Nh2 Qd7 24. Be4 Rxe4 25. Qxe4 Ne5 26. f4 f5 27. Qc2 Nf7 28. g4 fxg4 29. Qg6 Kh8 30. Nf6 Bxf6 31. Qxf6+ Kg8 32. Rxd6 Nxd6 33. Rxd6 Qe8 34. Nxg4 Qe4 35. Nxh6+ Kh7 36. Rd7+ 1-0


[Site "https://www.chess.com"]

[Event "Titled Tuesday Blitz January 18 2022"]
[White "Nazaretyan, Tigran"]
[Black "Dounis, Alexandros"]
[WhiteFideId "24162345"]
[BlackFideId "4213238"]
[WhiteElo "2192"]
[BlackElo "2195"]
[Result "0-1"]
[Round "09"]
[TimeControl "180+1"]
[Date "2022.01.18"]
[WhiteClock "0:00:11"]
[BlackClock "0:00:47"]

1. d4 Nf6 2. c4 g6 3. Nc3 d5 4. Nf3 Bg7 5. Bg5 dxc4 6. e4 c5 7. d5 h6 8. Bxf6 Bxf6 9. e5 Bg7 10. Bxc4 O-O 11. h3 a6 12. a4 Nd7 13. O-O Nxe5 14. Nxe5 Bxe5 15. Re1 Bg7 16. Qe2 Re8 17. Rad1 Bd7 18. Qf3 Qb6 19. b3 Qb4 20. d6 e6 21. Ne4 b5 22. Bf1 bxa4 23. bxa4 Bxa4 24. Rb1 Qd4 25. Rb7 Rf8 26. Re2 Bc6 27. Rb6 Bd5 28. Qf4 f5 29. d7 fxe4 30. Qc7 Qe5 31. Qxc5 Qd4 32. Qa5 Rad8 33. Rd2 Qc3 34. Qa2 Bxa2 35. Rd3 exd3 36. Rb3 Bxb3 0-1


[Site "https://www.chess.com"]

[Event "Titled Tuesday Blitz January 18 2022"]
[White "Nguyen Hong Nhung"]
[Black "Tregubov, Pavel V."]
[WhiteFideId "12412201"]
[BlackFideId "4115341"]
[WhiteElo "1661"]
[BlackElo "2341"]
[Result "0-1"]
[Round "09"]
[TimeControl "180+1"]
[Date "2022.01.18"]
[WhiteClock "0:00:09"]
[BlackClock "0:00:21"]

1. e4 e6 2. d4 d5 3. Nc3 Bb4 4. e5 c5 5. a3 Ba5 6. Bb5+ Bd7 7. Bxd7+ Nxd7 8. f4 cxd4 9. Qxd4 Ne7 10. Bd2 O-O 11. Nf3 Nf5 12. Qf2 Bb6 13. Qe2 Rc8 14. O-O-O Qc7 15. Be1 Be3+ 16. Kb1 Bxf4 17. Rf1 Bxe5 18. Nxe5 Qxe5 19. Qxe5 Nxe5 20. Nxd5 Rfd8 21. Bb4 Nc6 22. Bc3 Rxd5 23. Rxd5 Ne3 24. Rdd1 Nxf1 25. Rxf1 Rd8 26. Ka2 e5 27. Rf5 f6 28. g4 Kf7 29. Rf2 Ke6 30. Kb3 Rd1 31. Kc4 g6 32. b4 a6 33. a4 Nd4 34. Kc5 f5 35. gxf5+ Nxf5 36. Kb6 Nd6 37. Re2 e4 38. Kc7 Rf1 39. Bd2 Rf7+ 40. Kb6 Nc4+ 41. Kc5 Rc7+ 42. Kd4 Nxd2 43. Rxd2 Rd7+ 44. Ke3 Rxd2 45. Kxd2 Kd5 46. Ke3 Kc4 47. c3 Kxc3 48. b5 axb5 49. axb5 Kc4 50. Kxe4 Kxb5 51. Kf4 Kc4 52. Kg5 b5 53. Kh6 b4 54. Kxh7 b3 55. Kxg6 b2 56. h4 b1=Q+ 57. Kg5 Kd5 58. h5 Ke6 59. Kh6 Kf7 60. Kg5 Qe4 61. h6 Qg6+ 0-1


[Site "https://www.chess.com"]

[Event "Titled Tuesday Blitz January 18 2022"]
[White "Novikov, Evgenij"]
[Black "Punin, Andrii"]
[WhiteFideId "4125380"]
[BlackFideId "14112639"]
[WhiteElo "2242"]
[BlackElo "2357"]
[Result "1/2-1/2"]
[Round "09"]
[TimeControl "180+1"]
[Date "2022.01.18"]
[WhiteClock "0:00:06"]
[BlackClock "0:00:24"]

1. e4 c6 2. d4 d5 3. exd5 cxd5 4. Bd3 Nc6 5. c3 Qc7 6. h3 g6 7. Nf3 Bf5 8. O-O Bxd3 9. Qxd3 Nf6 10. g3 Bg7 11. Bf4 Qc8 12. Kg2 O-O 13. Nbd2 Nd7 14. Rfe1 e6 15. Re2 Nb6 16. Rae1 Qd7 17. Nb3 Rfe8 18. h4 h5 19. Ne5 Nxe5 20. Bxe5 Nc4 21. Bxg7 Kxg7 22. Nc5 Qc6 23. b3 b6 24. Nxe6+ Rxe6 25. bxc4 Rxe2 26. Rxe2 dxc4+ 27. Qf3 Qxf3+ 28. Kxf3 Kf6 29. Re5 a6 30. a4 Rb8 31. Ke4 b5 32. axb5 axb5 33. Rc5 b4 34. cxb4 Rxb4 35. Rc6+ Ke7 36. f3 Kd7 37. Rc5 Kd6 38. Rd5+ Ke6 39. Re5+ Kd6 40. Rd5+ Ke6 41. Rc5 Kd6 42. g4 hxg4 43. fxg4 Rb3 44. Rd5+ Ke6 45. Re5+ Kd6 46. Rd5+ Ke6 47. Re5+ Kd6 48. Rd5+ 1/2-1/2


[Site "https://www.chess.com"]

[Event "Titled Tuesday Blitz January 18 2022"]
[White "Nyzhnyk, Illya"]
[Black "Moskalenko, Alexander"]
[WhiteFideId "14118084"]
[BlackFideId "4155351"]
[WhiteElo "2694"]
[BlackElo "2515"]
[Result "1-0"]
[Round "09"]
[TimeControl "180+1"]
[Date "2022.01.18"]
[WhiteClock "0:01:19"]
[BlackClock "0:00:41"]

1. Nf3 Nf6 2. c4 e6 3. b3 b6 4. Bb2 Bb7 5. e3 Be7 6. Be2 O-O 7. Qc2 c5 8. O-O d5 9. d4 dxc4 10. bxc4 cxd4 11. exd4 Nc6 12. Rd1 Rc8 13. Nbd2 b5 14. c5 a6 15. a4 b4 16. Nc4 Nd5 17. a5 g6 18. Qb3 Bf6 19. Bf1 Ba8 20. Nb6 Nxb6 21. axb6 a5 22. Ne5 Bxe5 23. dxe5 Qh4 24. Qg3 Qe4 25. Bd3 Qd5 26. Bxg6 hxg6 27. Rxd5 exd5 28. e6 d4 29. Re1 Rfe8 30. Qg4 a4 31. Bxd4 a3 32. Bf6 Ne7 33. Qh4 1-0


[Site "https://www.chess.com"]

[Event "Titled Tuesday Blitz January 18 2022"]
[White "Obolenskikh, Dmitry"]
[Black "Omelja, Artem"]
[WhiteFideId "4156013"]
[BlackFideId "14119846"]
[WhiteElo "2512"]
[BlackElo "2418"]
[Result "1-0"]
[Round "09"]
[TimeControl "180+1"]
[Date "2022.01.18"]
[WhiteClock "0:00:10"]
[BlackClock "0:00:02"]

1. Nf3 d5 2. e3 Nf6 3. c4 c6 4. Nc3 e6 5. b3 Nbd7 6. Bb2 Bd6 7. d4 O-O 8. Bd3 dxc4 9. bxc4 e5 10. O-O Qc7 11. c5 Be7 12. Rc1 Rd8 13. Qc2 exd4 14. exd4 Nf8 15. Rfe1 Bg4 16. Ne5 Bh5 17. Ne4 Bg6 18. f3 Ne6 19. Qc4 Nd5 20. Kh1 Ndf4 21. Bf1 Nd5 22. Bd3 Ndf4 23. Bb1 Nd5 24. a4 Bxe4 25. fxe4 Ndf4 26. Ba2 Bf6 27. Nf3 Nh5 28. Ba1 Nef4 29. d5 cxd5 30. exd5 Bxa1 31. d6 Qd7 32. Rxa1 Re8 33. a5 Ne6 34. a6 Qc6 35. axb7 Qxb7 36. c6 Qb6 37. d7 Red8 38. Rab1 Qc7 39. Ne5 Qa5 40. Nxf7 Kxf7 41. Qxe6+ Kf8 42. Qf7# 1-0


[Site "https://www.chess.com"]

[Event "Titled Tuesday Blitz January 18 2022"]
[White "Oparin, Grigoriy"]
[Black "Pichot, Alan"]
[WhiteFideId "24125890"]
[BlackFideId "110973"]
[WhiteElo "2685"]
[BlackElo "2543"]
[Result "0-1"]
[Round "09"]
[TimeControl "180+1"]
[Date "2022.01.18"]
[WhiteClock "0:00:05"]
[BlackClock "0:00:06"]

1. g3 d5 2. Bg2 c6 3. c4 Nf6 4. Nf3 Bf5 5. Qb3 Qb6 6. cxd5 cxd5 7. Nc3 e6 8. Qxb6 axb6 9. Nh4 Bg6 10. d3 Nc6 11. O-O Bc5 12. Bd2 O-O 13. Rfc1 Rfc8 14. Nxg6 hxg6 15. h3 Kf8 16. Kf1 Ke7 17. Nb5 Nd4 18. Nc3 Nd7 19. e3 Nc6 20. d4 Bb4 21. Ke2 Bxc3 22. Bxc3 b5 23. Bd2 Ra4 24. b3 Ra6 25. Kd1 Rca8 26. Rc2 Ra3 27. Rb2 R3a6 28. Bf1 Rb6 29. Rc2 Nf6 30. f3 Ne8 31. h4 Nd6 32. g4 Rh8 33. Be1 Ra8 34. Bd3 Kd7 35. Rg2 Rba6 36. h5 g5 37. Rb2 Ra3 38. Be2 b4 39. Bd2 f6 40. Bd3 e5 41. dxe5 fxe5 42. Bg6 e4 43. fxe4 dxe4 44. Ke2 Rf8 45. Rc2 Ra5 46. Rd1 Rd5 47. Be1 Rxd1 48. Kxd1 Rf3 49. Rf2 Rxe3 50. Bd2 Rd3 51. Kc1 Rf3 52. Rxf3 exf3 53. Bxg5 Ne5 54. Bh4 Nxg6 55. hxg6 Ne4 56. Kd1 Ke6 57. Ke1 Ke5 58. Kf1 Kf4 59. Be1 Ke3 60. g5 f2 61. Bxf2+ Nxf2 62. Kg2 Ne4 63. Kh3 Kf4 64. Kh4 Nxg5 65. Kh5 Ne6 0-1


[Site "https://www.chess.com"]

[Event "Titled Tuesday Blitz January 18 2022"]
[White "Osmak, Yuliia"]
[Black "Indjic, Aleksandar"]
[WhiteFideId "14101602"]
[BlackFideId "911925"]
[WhiteElo "2302"]
[BlackElo "2616"]
[Result "0-1"]
[Round "09"]
[TimeControl "180+1"]
[Date "2022.01.18"]
[WhiteClock "0:00:06"]
[BlackClock "0:01:01"]

1. e4 e5 2. Nf3 Nc6 3. Nc3 Nf6 4. d4 exd4 5. Nxd4 Nxe4 6. Nxe4 Qe7 7. Nxc6 Qxe4+ 8. Be2 dxc6 9. O-O Qd5 10. Bd3 Be6 11. c4 Qd7 12. Bg5 h6 13. Bh4 g5 14. Bg3 Bd6 15. Qb3 O-O-O 16. Rad1 Bxg3 17. fxg3 Qe7 18. Kh1 Qc5 19. Qc3 Rd4 20. Bf5 Rhd8 21. Bxe6+ fxe6 22. Rc1 e5 23. b4 Qd6 24. b5 c5 25. a4 e4 26. a5 Rd3 27. Qe1 e3 28. a6 Qe6 29. axb7+ Kb8 30. Qa5 e2 31. Rfe1 Rd1 32. Ra1 Rxe1+ 33. Qxe1 Qe5 34. Qa5 Qxa1+ 35. Qxa1 Rd1+ 36. Qxd1 exd1=Q# 0-1


[Site "https://www.chess.com"]